 Dungeon Crawl Stone Soup version 0.22-b1-59-g0aedee7 (webtiles) character file.

44 MTVSty1e the Chopper (level 3, -13/23 HPs)
             Began as a Gargoyle Monk on Aug 9, 2018.
             Mangled by an orc warrior
             ... wielding a +0 trident
              (19 damage)
             ... on level 2 of the Dungeon.
             The game lasted 00:02:53 (2308 turns).

MTVSty1e the Chopper (Gargoyle Monk)                Turns: 2308, Time: 00:02:53

Health: -13/23     AC:  9    Str: 15    XL:     3   Next: 60%
Magic:  3/3        EV:  9    Int: 10    God:
Gold:   108        SH:  3    Dex: 12    Spells: 2/2 levels left

rFire    . . .     SeeInvis .   a - +0 hand axe
rCold    . . .     Gourm    .   d - +0 buckler
rNeg     + . .     Faith    .   n - +0 scale mail
rPois    ∞         Spirit   .   (no helmet)
rElec    +         Reflect  .   (no cloak)
rCorr    .         Harm     .   (no gloves)
MR       .....                  (no boots)
Stlth    +.........             (no amulet)
HPRegen  0.07/turn              (no ring)
MPRegen  0.08/turn              (no ring)

@: flying
A: negative energy resistance 1, electricity resistance, unbreathing,
petrification resistance, rot immunity, AC +3
a: no special abilities


You were on level 2 of the Dungeon.
You were very hungry.

You visited 1 branch of the dungeon, and saw 3 of its levels.

You collected 108 gold pieces.

Inventory:

Hand Weapons
 a - a +0 hand axe (weapon)
Armour
 b - a +0 robe
 d - a +0 buckler (worn)
 m - a +0 large shield
 n - a +0 scale mail (worn)
Scrolls
 f - 2 scrolls of remove curse {unknown}
 g - a scroll of immolation {unknown}
 h - 2 scrolls of noise {unknown}
 j - 2 scrolls of magic mapping {unknown}
 k - a scroll of identify {unknown}
 o - 2 scrolls of enchant armour {unknown}
 q - a scroll of teleportation {unknown}
Potions
 e - a potion of resistance {unknown}
 i - a potion of ambrosia {unknown}
 l - a potion of curing {unknown}
 p - a potion of flight
Comestibles
 c - 2 rations


   Skills:
 - Level 3.2 Fighting
 + Level 4.1 Axes
 - Level 2.4 Dodging
 - Level 2.1 Stealth


You had 2 spell levels left.
You didn't know any spells.
Your spell library was empty.

Dungeon Overview and Level Annotations

Branches:
Dungeon (3/15)

Altars:
Makhleb
Yredelemnul


Innate Abilities, Weirdness & Mutations

You are resistant to torment.
Your stone body is resilient. (AC +3)
You are immune to poison.
You resist negative energy. (rN+)
You are resistant to electric shocks. (rElec)
You can survive without breathing.
You are immune to petrification.
You are immune to rotting.


Message History

The orc completely misses you. The orc warrior barely misses you.
You hit the orc warrior but do no damage.
You hit the orc. The orc hits you but does no damage.
The orc warrior hits you with a trident!
You closely miss the orc warrior.
Your shield and scale mail prevent you from hitting the orc.
The orc completely misses you. The orc warrior barely misses you.
You completely miss the orc warrior. You barely miss the orc.
The orc hits you but does no damage.
The orc warrior hits you with a trident.
You closely miss the orc warrior. You barely miss the orc.
The orc hits you with a trident.
* * * LOW HITPOINT WARNING * * *
The orc warrior barely misses you.
It was a potion of flight.
You feel very buoyant.
You fly up into the air.
The orc hits you but does no damage.
The orc warrior hits you with a trident!!
Ouch! That really hurt!
You die...

..# #.#....###.............. ..#
#..........#...########. ..#
###.######.[.#.# #. ..# #.#
##.##.# ## ..# #.# #.##.#########
..##########.# #.##........>.
......<......# #.##.###.####.
#.##########.#######.##.###.####.
#.# #...o@ol............(. #.#
#.#####.####.......... #.#
##.#####.####.###.##... #.#
#...#...<.........##... #.#
#..............#####.#. #.#
#...#.##.####....# #...
#.#############.##.# #.########.
#...............##)####.##2#_....
##################.......#######.


You could see an orc warrior, an orc and a frilled lizard.

Vanquished Creatures
  An adder (D:2)
  2 worms (D:2)
  A leopard gecko (D:1)
  4 bats
  A giant cockroach (D:1)
  A hobgoblin (D:2)
  2 jackals (D:2)
  A quokka (D:2)
  A ball python (D:2)
  4 frilled lizards (D:1)
  5 goblins
  3 kobolds
  5 rats (D:1)
31 creatures vanquished.

Notes
Turn   | Place    | Note
-------+----------+-------------------------------------------
     0 | D:1      | MTVSty1e the Gargoyle Monk began the quest for the Orb.
     0 | D:1      | Reached XP level 1. HP: 14/14 MP: 1/1
    58 | D:1      | Reached skill level 3 in Axes
   104 | D:1      | Reached XP level 2. HP: 13/19 MP: 2/2
  1158 | D:2      | Reached XP level 3. HP: 19/23 MP: 3/3
  1177 | D:2      | Found a basalt altar of Yredelemnul.
  1596 | D:2      | Reached skill level 4 in Axes
  1989 | D:2      | Found a burning altar of Makhleb.
  1989 | D:2      | Noticed a cacodemon
  2211 | D:3      | Noticed an orc warrior
  2308 | D:2      | Mangled by an orc warrior

Skill      XL: |  1  2  3 |
---------------+----------+-----
Axes           | 3 4 |  4.1
Fighting       | |  3.2
Dodging        | |  2.4
Stealth        | |  2.1

Action                   || total
-------------------------++-------
Melee: Hand axe          ||   133
  Use: Potion            ||     1
 Stab: Sleeping          ||     2
  Eat: Ration            ||     1
Armor: Robe              ||    10
       Scale mail        ||    24
Dodge: Dodged            ||    80
Block: Buckler           ||    16
